| TOP OF THE 1ST |
|
Albuquerque Isotopes batting - Pitching for Syracuse Chiefs : RHP Travis Hardin
|
|
Pitching: RHP Travis Hardin
|
|
|
Batting: LHB Alfredo de la Cruz
|
0-0: Ball 1-0: Swinging Strike 1-1: SINGLE (Flyball, 56D, EV 90.6 MPH)
|
|
Batting: SHB Jamel Wright
|
0-0: Foul Ball, location: 2F 0-1: Ball 1-1: Foul Ball, location: 2F 1-2: Foul Ball, location: 2F 1-2: Ball 2-2: Ball 3-2: Grounds into double play, 5-4-3 (Groundball, 5, EV 84.4 MPH)
|
|
Batting: RHB Chris King
|
0-0: Foul Ball, location: 2F 0-1: SINGLE (Groundball, 56S, EV 66.2 MPH) (infield hit)
|
|
Batting: RHB Adrian Rudkilde
|
0-0: Ball 1-0: Called Strike 1-1: Fly out, F9 (Flyball, 89S, EV 90.0 MPH)
|
| Top of the 1st over - 0 runs, 2 hits, 0 errors, 1 left on base; Albuquerque 0 - Syracuse 0 |
| BOTTOM OF THE 1ST |
|
Syracuse Chiefs batting - Pitching for Albuquerque Isotopes : RHP Jose Avila
|
|
Pitching: RHP Jose Avila
|
|
|
Batting: LHB Dillon Gonzalez
|
0-0: Ball 1-0: Fly out, F7 (Flyball, 78M, EV 91.9 MPH)
|
|
Batting: RHB Dusty Ballard
|
0-0: SINGLE (Line Drive, 78S, EV 98.1 MPH)
|
|
Batting: LHB Kyung-jin Cho
|
0-0: Foul Ball, location: 2F 0-1: Swinging Strike 0-2: Ball 1-2: Ball 2-2: Foul Ball, location: 2F 2-2: Ball 3-2: SINGLE (Groundball, 4MD, EV 108.1 MPH) Dusty Ballard to second Dusty Ballard to third
|
|
Batting: LHB Jae-ik Soung
|
0-0: Ball Kyung-jin Cho steals 2nd, throwing error, E2 Dusty Ballard scores Kyung-jin Cho to third 1-0: Called Strike 1-1: Called Strike 1-2: Fly out, F7 (Flyball, 78D, EV 88.8 MPH) Runner from 3rd tags up, SCORES, no throw by LF
|
|
Batting: LHB Alexis Cantu
|
0-0: Ball 1-0: Ground out 6-3 (Groundball, 6S, EV 83.1 MPH)
|
| Bottom of the 1st over - 2 runs, 2 hits, 1 error, 0 left on base; Albuquerque 0 - Syracuse 2 |
| TOP OF THE 2ND |
|
Albuquerque Isotopes batting - Pitching for Syracuse Chiefs : RHP Travis Hardin
|
|
Batting: RHB Mike Ball
|
0-0: Called Strike 0-1: Called Strike 0-2: Ball 1-2: Ball 2-2: SINGLE (Groundball, 56D, EV 100.6 MPH)
|
|
Batting: RHB Sadataka Kuwahara
|
0-0: Ball 1-0: Ball 2-0: SINGLE (Line Drive, 34, EV 108.8 MPH) Mike Ball to second
|
|
Batting: RHB Herb McIntyre
|
0-0: Called Strike 0-1: SINGLE (Groundball, 6MD, EV 108.8 MPH) Mike Ball to third Sadataka Kuwahara to second Runner from 3rd tries for Home, SAFE, throw by CF to home
|
|
Batting: SHB Mitchell Greene
|
0-0: Grounds into double play, 4-6-3 (Groundball, 4M, EV 103.8 MPH) Sadataka Kuwahara to third
|
|
Batting: RHB Joe LaDue
|
0-0: Called Strike 0-1: Ball 1-1: Foul Ball, location: 2F 1-2: Ball 2-2: Foul Ball, location: 2F 2-2: Strikes out looking
|
| Top of the 2nd over - 1 run, 3 hits, 0 errors, 1 left on base; Albuquerque 1 - Syracuse 2 |
| BOTTOM OF THE 2ND |
|
Syracuse Chiefs batting - Pitching for Albuquerque Isotopes : RHP Jose Avila
|
|
Batting: RHB Mike Buchanan
|
0-0: Ground out 6-3 (Groundball, 6, EV 97.5 MPH)
|
|
Batting: RHB Jim Miske
|
0-0: Ball 1-0: Ball 2-0: Called Strike 2-1: Ball 3-1: Called Strike 3-2: SINGLE (Groundball, 34D, EV 100.6 MPH)
|
|
Batting: RHB Gabe Almazan
|
0-0: Ball 1-0: Called Strike Jim Miske is caught stealing 2nd base 2-4 1-1: Ground out 4-3 (Groundball, 4, EV 91.2 MPH)
|
| Bottom of the 2nd over - 0 runs, 1 hit, 0 errors, 0 left on base; Albuquerque 1 - Syracuse 2 |
| TOP OF THE 3RD |
|
Albuquerque Isotopes batting - Pitching for Syracuse Chiefs : RHP Travis Hardin
|
|
Batting: LHB Alfredo de la Cruz
|
0-0: Called Strike 0-1: Ball 1-1: Ball 2-1: TRIPLE (Flyball, 8LXD, EV 95.0 MPH)
|
|
Batting: SHB Jamel Wright
|
0-0: Ground out 3-1 (Groundball, 34S, EV 81.9 MPH) Alfredo de la Cruz scores
|
|
Batting: RHB Chris King
|
0-0: Ball 1-0: Ball 2-0: Called Strike 2-1: Ball 3-1: Foul Ball, location: 2F 3-2: Foul Ball, location: 2F 3-2: SINGLE (Groundball, 56D, EV 108.8 MPH)
|
|
Batting: RHB Adrian Rudkilde
|
0-0: Ball 1-0: Ball 2-0: Foul Ball, location: 2F 2-1: SINGLE (Line Drive, 9S, EV 91.9 MPH) Chris King to second Runner from 2nd tries for 3rd, SAFE, no throw by RF
|
|
Batting: RHB Mike Ball
|
0-0: Ball 1-0: Foul Ball, location: 2F 1-1: Called Strike 1-2: SINGLE (Groundball, 56D, EV 97.5 MPH) Chris King scores Adrian Rudkilde to second
|
|
Batting: RHB Sadataka Kuwahara
|
0-0: Ball 1-0: Foul Ball, location: 2F 1-1: Swinging Strike 1-2: Ball 2-2: Ball 3-2: Strikes out swinging
|
|
Batting: RHB Herb McIntyre
|
0-0: Foul Ball, location: 2F 0-1: Swinging Strike 0-2: Ball 1-2: Strikes out swinging
|
| Top of the 3rd over - 2 runs, 4 hits, 0 errors, 2 left on base; Albuquerque 3 - Syracuse 2 |
| BOTTOM OF THE 3RD |
|
Syracuse Chiefs batting - Pitching for Albuquerque Isotopes : RHP Jose Avila
|
|
Batting: RHB Jon Buscher
|
0-0: Called Strike 0-1: Ground out 6-3 (Groundball, 6, EV 91.2 MPH)
|
|
Batting: LHB Dillon Gonzalez
|
0-0: Ball 1-0: Ball 2-0: Ball 3-0: Base on Balls
|
|
Batting: RHB Dusty Ballard
|
0-0: Ball Dillon Gonzalez steals 2nd base 1-0: Called Strike 1-1: Ball 2-1: Foul Ball, location: 2F 2-2: Ball 3-2: Base on Balls
|
|
Batting: LHB Kyung-jin Cho
|
0-0: Called Strike 0-1: Fly out, F7 (Flyball, 7D, EV 93.8 MPH) Runner from 2nd tags up, OUT at 3rd! 7-5
|
| Bottom of the 3rd over - 0 runs, 0 hits, 0 errors, 1 left on base; Albuquerque 3 - Syracuse 2 |
| TOP OF THE 4TH |
|
Albuquerque Isotopes batting - Pitching for Syracuse Chiefs : RHP Travis Hardin
|
|
Batting: SHB Mitchell Greene
|
0-0: Ball 1-0: Foul Ball, location: 2F 1-1: Ball 2-1: Called Strike 2-2: Ball 3-2: Fly out, F8 (Flyball, 8RD, EV 75.6 MPH)
|
|
Batting: RHB Joe LaDue
|
0-0: Foul Ball, location: 2F 0-1: Foul Ball, location: 2F 0-2: Ball 1-2: SINGLE (Groundball, 5S, EV 67.5 MPH) (infield hit)
|
|
Batting: LHB Alfredo de la Cruz
|
0-0: Ball 1-0: Ball 2-0: Foul Ball, location: 2F 2-1: Foul Ball, location: 2F 2-2: Foul Ball, location: 2F 2-2: Strikes out swinging
|
|
Batting: SHB Jamel Wright
|
0-0: Ball 1-0: Ball 2-0: Called Strike 2-1: Ball 3-1: Foul Ball, location: 2F 3-2: Foul Ball, location: 2F 3-2: Foul Ball, location: 2F 3-2: 2-RUN HOME RUN (Flyball, 9D, EV 96.2 MPH), Distance : 366 ft
|
|
Pitching: RHP Dan Johnson
|
|
|
Batting: RHB Chris King
|
0-0: Ball 1-0: Called Strike 1-1: Ball 2-1: Ball 3-1: Called Strike 3-2: Fly out, F8 (Line Drive, 8RD, EV 91.9 MPH)
|
| Top of the 4th over - 2 runs, 2 hits, 0 errors, 0 left on base; Albuquerque 5 - Syracuse 2 |
| BOTTOM OF THE 4TH |
|
Syracuse Chiefs batting - Pitching for Albuquerque Isotopes : RHP Jose Avila
|
|
Batting: LHB Jae-ik Soung
|
0-0: Called Strike 0-1: Swinging Strike 0-2: Ground out 6-3 (Groundball, 6, EV 93.8 MPH)
|
|
Batting: LHB Alexis Cantu
|
0-0: Ball 1-0: Ball 2-0: Fly out, F7 (Flyball, 78M, EV 65.0 MPH)
|
|
Batting: RHB Mike Buchanan
|
0-0: DOUBLE (Groundball, 5L, EV 101.2 MPH)
|
|
Batting: RHB Jim Miske
|
0-0: Called Strike 0-1: Called Strike 0-2: Ball 1-2: Ball 2-2: Foul Ball, location: 2F 2-2: Ground out 6-3 (Groundball, 6, EV 104.4 MPH)
|
| Bottom of the 4th over - 0 runs, 1 hit, 0 errors, 1 left on base; Albuquerque 5 - Syracuse 2 |
| TOP OF THE 5TH |
|
Albuquerque Isotopes batting - Pitching for Syracuse Chiefs : RHP Dan Johnson
|
|
Batting: RHB Adrian Rudkilde
|
0-0: Called Strike 0-1: Called Strike 0-2: Foul Ball, location: 2F 0-2: Strikes out swinging
|
|
Batting: RHB Mike Ball
|
0-0: Ball 1-0: Called Strike 1-1: Fly out, F9 (Flyball, 9S, EV 93.8 MPH)
|
|
Batting: RHB Sadataka Kuwahara
|
0-0: Ball 1-0: DOUBLE (Line Drive, 9LM, EV 97.5 MPH)
|
|
Batting: RHB Herb McIntyre
|
0-0: Ball 1-0: Fly out, F9 (Line Drive, 8RM, EV 92.5 MPH)
|
| Top of the 5th over - 0 runs, 1 hit, 0 errors, 1 left on base; Albuquerque 5 - Syracuse 2 |
| BOTTOM OF THE 5TH |
|
Syracuse Chiefs batting - Pitching for Albuquerque Isotopes : RHP Jose Avila
|
|
Batting: RHB Gabe Almazan
|
0-0: Ball 1-0: Swinging Strike 1-1: Foul Ball, location: 2F 1-2: Ground out 5-3 (Groundball, 56S, EV 66.2 MPH)
|
|
Batting: RHB Jon Buscher
|
0-0: Ground out 6-3 (Groundball, 6S, EV 91.9 MPH)
|
|
Batting: LHB Dillon Gonzalez
|
0-0: Called Strike 0-1: Ball 1-1: Ball 2-1: Foul Ball, location: 2F 2-2: Strikes out looking
|
| Bottom of the 5th over - 0 runs, 0 hits, 0 errors, 0 left on base; Albuquerque 5 - Syracuse 2 |
| TOP OF THE 6TH |
|
Albuquerque Isotopes batting - Pitching for Syracuse Chiefs : RHP Dan Johnson
|
|
Batting: SHB Mitchell Greene
|
0-0: Fly out, F8 (Flyball, 8RD, EV 100.0 MPH)
|
|
Batting: RHB Joe LaDue
|
0-0: Ball 1-0: Ball 2-0: Foul Ball, location: 2F 2-1: Ball 3-1: Fly out, F3 (Popup, 3SF, EV 77.5 MPH)
|
|
Batting: LHB Alfredo de la Cruz
|
0-0: Called Strike 0-1: Called Strike 0-2: Ball 1-2: Strikes out swinging
|
| Top of the 6th over - 0 runs, 0 hits, 0 errors, 0 left on base; Albuquerque 5 - Syracuse 2 |
| BOTTOM OF THE 6TH |
|
Syracuse Chiefs batting - Pitching for Albuquerque Isotopes : RHP Jose Avila
|
|
Batting: RHB Dusty Ballard
|
0-0: SINGLE (Line Drive, 56D, EV 95.6 MPH)
|
|
Batting: LHB Kyung-jin Cho
|
0-0: Ball Dusty Ballard is caught stealing 2nd base 2-6 1-0: SOLO HOME RUN (Flyball, 9D, EV 93.8 MPH), Distance : 371 ft
|
|
Batting: LHB Jae-ik Soung
|
0-0: Ball 1-0: Foul Ball, location: 2F 1-1: Ground out 5-3 (Groundball, 5D, EV 85.0 MPH)
|
|
Batting: LHB Alexis Cantu
|
0-0: SINGLE (Line Drive, 9S, EV 111.2 MPH)
|
|
Batting: RHB Mike Buchanan
|
0-0: Ball 1-0: Called Strike 1-1: Ball 2-1: Foul Ball, location: 2F 2-2: Foul Ball, location: 2F 2-2: Ball 3-2: SINGLE (Line Drive, 6D, EV 107.5 MPH) Alexis Cantu to second Alexis Cantu to third
|
|
Batting: RHB Jim Miske
|
0-0: Called Strike 0-1: Called Strike 0-2: Ball 1-2: Strikes out looking
|
| Bottom of the 6th over - 1 run, 4 hits, 0 errors, 2 left on base; Albuquerque 5 - Syracuse 3 |
| TOP OF THE 7TH |
|
Albuquerque Isotopes batting - Pitching for Syracuse Chiefs : RHP Dan Johnson
|
|
Batting: SHB Jamel Wright
|
0-0: Hit by Pitch
|
|
Batting: RHB Chris King
|
0-0: Called Strike Jamel Wright is caught stealing 2nd base 2-4 0-1: SINGLE (Groundball, 56D, EV 100.0 MPH)
|
|
Batting: RHB Adrian Rudkilde
|
0-0: Ball 1-0: Ball 2-0: Swinging Strike 2-1: Ball 3-1: Called Strike 3-2: Base on Balls Chris King to second
|
|
Batting: RHB Mike Ball
|
0-0: Ball 1-0: Ball 2-0: Swinging Strike 2-1: Grounds into double play, 5-4-3 (Groundball, 56S, EV 76.9 MPH)
|
| Top of the 7th over - 0 runs, 1 hit, 0 errors, 1 left on base; Albuquerque 5 - Syracuse 3 |
| BOTTOM OF THE 7TH |
|
Syracuse Chiefs batting - Pitching for Albuquerque Isotopes : RHP Jose Avila
|
|
Batting: RHB Gabe Almazan
|
0-0: Ball 1-0: Ball 2-0: Ball 3-0: Called Strike 3-1: SINGLE (Groundball, 56D, EV 106.2 MPH)
|
|
Batting: RHB Jon Buscher
|
0-0: Called Strike 0-1: Foul Ball, location: 2F 0-2: Ball 1-2: Foul Ball, location: 2F 1-2: Ball 2-2: Foul Ball, location: 2F 2-2: Foul Ball, location: 2F 2-2: Reached on error, E6 (Groundball, 6, EV 105.6 MPH) Gabe Almazan to second
|
|
Pitching: RHP Tyler Smith
|
|
|
Batting: LHB Dillon Gonzalez
|
0-0: Sac Bunt to 25 - play at first, batter OUT! 5-3 Gabe Almazan to third Jon Buscher to second
|
|
Batting: RHB Dusty Ballard
|
0-0: Ball 1-0: Called Strike 1-1: Ball 2-1: Fly out, F7 (Flyball, 7LS, EV 76.9 MPH)
|
|
Batting: LHB Kyung-jin Cho
|
0-0: Called Strike 0-1: Foul Ball, location: 2F 0-2: Foul Ball, location: 2F 0-2: Ball 1-2: Ball 2-2: Ball 3-2: SINGLE (Flyball, 8LS, EV 92.5 MPH) Gabe Almazan scores Jon Buscher to third Runner from 3rd tries for Home, SAFE, throw by CF to home Kyung-jin Cho to second
|
|
Batting: LHB Jae-ik Soung
|
0-0: Ball 1-0: Ball 2-0: Ball 3-0: Base on Balls
|
|
Batting: LHB Alexis Cantu
|
0-0: Called Strike 0-1: Ball 1-1: Ball 2-1: Foul Ball, location: 2F 2-2: Ball 3-2: DOUBLE (Flyball, 8LXD, EV 90.0 MPH) Kyung-jin Cho scores Jae-ik Soung to third Jae-ik Soung scores
|
|
Batting: RHB Mike Buchanan
|
0-0: Fly out, F7 (Flyball, 7LM, EV 81.9 MPH)
|
| Bottom of the 7th over - 4 runs, 3 hits, 1 error, 1 left on base; Albuquerque 5 - Syracuse 7 |
| TOP OF THE 8TH |
|
Albuquerque Isotopes batting - Pitching for Syracuse Chiefs : RHP Dan Johnson
|
|
Pitching: RHP Ruben Nevarel
|
|
|
Batting: RHB Sadataka Kuwahara
|
0-0: Foul Ball, location: 2F 0-1: Ball 1-1: SINGLE (Groundball, 4D, EV 98.1 MPH)
|
|
Batting: RHB Herb McIntyre
|
0-0: Ball 1-0: DOUBLE (Line Drive, 5D, EV 100.6 MPH) Sadataka Kuwahara to third
|
|
Batting: SHB Mitchell Greene
|
0-0: Called Strike 0-1: Ball 1-1: Ground out 6-3 (Groundball, 4M, EV 86.2 MPH) Sadataka Kuwahara scores Herb McIntyre to third
|
|
Batting: RHB Joe LaDue
|
0-0: Foul Ball, location: 2F 0-1: Called Strike 0-2: Strikes out swinging
|
|
Batting: LHB Alfredo de la Cruz
|
0-0: Called Strike 0-1: Ball 1-1: Foul Ball, location: 2F 1-2: Ball 2-2: Fly out, F3 (Line Drive, 3, EV 65.6 MPH)
|
| Top of the 8th over - 1 run, 2 hits, 0 errors, 1 left on base; Albuquerque 6 - Syracuse 7 |
| BOTTOM OF THE 8TH |
|
Syracuse Chiefs batting - Pitching for Albuquerque Isotopes : RHP Tyler Smith
|
|
Batting: RHB Jim Miske
|
0-0: Ball 1-0: Ball 2-0: Ball 3-0: Foul Ball, location: 2F 3-1: Foul Ball, location: 2F 3-2: Strikes out swinging
|
|
Batting: RHB Gabe Almazan
|
0-0: Ball 1-0: Foul Ball, location: 2F 1-1: Foul Ball, location: 2F 1-2: Strikes out swinging
|
|
Batting: RHB Jon Buscher
|
0-0: Ball 1-0: Fly out, F9 (Line Drive, 9, EV 90.0 MPH)
|
| Bottom of the 8th over - 0 runs, 0 hits, 0 errors, 0 left on base; Albuquerque 6 - Syracuse 7 |
| TOP OF THE 9TH |
|
Albuquerque Isotopes batting - Pitching for Syracuse Chiefs : RHP Ruben Nevarel
|
|
Pitching: LHP Kerry Baty
|
|
|
Batting: SHB Jamel Wright
|
0-0: Fly out, F7 (Flyball, 7, EV 90.0 MPH)
|
|
Batting: RHB Chris King
|
0-0: Ball 1-0: Ball 2-0: Ball 3-0: Called Strike 3-1: Fly out, F8 (Flyball, 78M, EV 71.9 MPH)
|
|
Batting: RHB Adrian Rudkilde
|
0-0: Ball 1-0: Called Strike 1-1: Foul Ball, location: 2F 1-2: Foul Ball, location: 2F 1-2: Foul Ball, location: 2F 1-2: Foul Ball, location: 2F 1-2: Strikes out swinging
|
| Top of the 9th over - 0 runs, 0 hits, 0 errors, 0 left on base; Albuquerque 6 - Syracuse 7 |
|